 Dungeon Crawl Stone Soup version 0.17-a0-1763-g847a857 (webtiles) character file.

7942 Psiweapon the Covert (level 11, -3/99 HPs)
             Began as a Kobold Hunter on Sept 5, 2015.
             Was a Believer of Dithmenos.
             Slain by Urug
             ... wielding a +0 great sword
              (5 damage)
             ... on level 1 of the Lair of Beasts.
             The game lasted 00:48:49 (10676 turns).

Psiweapon the Covert (Kobold Hunter)               Turns: 10676, Time: 00:48:49

Health: -3/99      AC: 25    Str: 12    XL:     11   Next: 46%
Magic:  11/11      EV:  3    Int:  9    God:    Dithmenos [**....]
Gold:   321        SH:  0    Dex: 21    Spells: 0 memorised, 10 levels left

rFire  . . .     SeeInvis .     x - +2 dagger (drain)
rCold  + . .     Clarity  .     (armour currently unavailable)
rNeg   + + +     SustAt   .     (shield restricted)
rPois  +         Gourm    .     (helmet currently unavailable)
rElec  .         Spirit   .     (cloak currently unavailable)
rCorr  .         Warding  .     (gloves currently unavailable)
rMut   +         NoTele   +     (boots currently unavailable)
MR     .....                    l - amulet of resist mutation
Stlth  +++++++++.               E - ring of protection from cold
                                o - +2 ring of dexterity

@: lethally poisoned (-3 -> -4), tree-form, wreathed by umbra, not resistant to
hostile enchantments, incredibly stealthy
A: carnivore 3
a: Shadow Step, Renounce Religion


You were on level 1 of the Lair of Beasts.
You worshipped Dithmenos.
Dithmenos was pleased with you.
You were not hungry.
You were a tree.
You visited 3 branches of the dungeon, and saw 12 of its levels.

You collected 724 gold pieces.
You spent 403 gold pieces at shops.

Inventory:

Hand weapons
 a - a +1 hand crossbow
 c - a +0 rapier of venom
 x - a +2 dagger of draining (weapon)
 J - a cursed -3 dagger
 S - a +0 club of chaos
 W - a +2 dagger of chaos
Missiles
 b - 10 bolts
 h - 369 stones (quivered)
 u - a throwing net
 Q - 3 tomahawks
Armour
 d - a +1 leather armour
 v - a +1 hat (melded)
 z - a +3 scale mail of magic resistance
 D - a +0 pair of gloves of archery (melded)
 P - a +0 troll leather armour (melded)
 Y - a +1 leather armour of fire resistance
Magical staves
 w - an uncursed staff of cold
 N - an uncursed staff of poison {unknown}
 Z - an uncursed staff of energy {unknown}
Jewellery
 i - an uncursed amulet of the gourmand
 l - an amulet of resist mutation (around neck)
 o - a +2 ring of dexterity (left branch)
 y - a +4 ring of intelligence
 E - a ring of protection from cold (right branch)
 F - an uncursed ring of protection from fire
 H - an uncursed ring of flight
Magical devices
 j - a wand of slowing (1)
 A - a wand of lightning (0)
 B - a wand of slowing (0)
 M - a wand of teleportation (6)
 O - a wand of draining (5)
 U - a wand of slowing (16)
 X - a wand of cold (6)
Scrolls
 g - a scroll of identify
 k - 4 scrolls of magic mapping
 m - 2 scrolls of teleportation
 I - a scroll of recharging
 L - 2 scrolls of brand weapon {unknown}
 T - a scroll of immolation {unknown}
 V - a scroll of remove curse {unknown}
Potions
 f - a potion of brilliance {unknown}
 n - 2 potions of curing {unknown}
 r - a potion of heal wounds {unknown}
 s - a potion of poison
 t - 3 potions of lignification
 G - 2 potions of magic {unknown}
 K - a potion of might {unknown}
 R - a potion of cancellation {unknown}
Books
 C - a book of Hinderance

   Spells                             Type                      Level
   a - Confusing Touch                Hexes                        2
   b - Confuse                        Hexes                        3
   c - Gell's Gravitas                Hexes/Translocation          3
   d - Petrify                        Transmutation/Earth          4
   e - Metabolic Englaciation         Hexes/Ice                    5
Comestibles
 e - a meat ration
 p - 2 slices of pizza
 q - 4 beef jerkies


   Skills:
 - Level 6.8 Fighting
 - Level 10.1(10.2) Short Blades
   Level 1.1(4.2) Long Blades
 + Level 9.5 Crossbows
 - Level 4.0 Armour
 + Level 8.6 Dodging
 - Level 11.8 Stealth


You had 10 spell levels left.
You didn't know any spells.

Dungeon Overview and Level Annotations

Branches:
Dungeon (10/15)            Temple (1/1) D:7            Lair (1/8) D:10
    Orc: D:9-12

Altars:
Ashenzari
Cheibriados
Dithmenos
Elyvilon
Fedhas
Gozag
Kikubaaqudgha
Makhleb
Nemelex Xobeh
Okawaru
Qazlal
Ru
Sif Muna
Trog
Vehumet
Xom
Yredelemnul
Zin
The Shining One
Jiyva

Shops:
D:5 [[*

Annotations:
D:10 Fannar, Maurice
Lair:1 Urug


Innate Abilities, Weirdness & Mutations

You are small and have problems with some larger weapons.
You are carnivorous and can eat meat at any time.


Message History

Evoking this partially-identified wand wasted a few charges.
* * * LOW HITPOINT WARNING * * *
You feel sick.
The deep elf fighter gestures wildly while chanting.
The deep elf fighter blinks!
Urug hits you but does no damage.
You hit Urug but do no damage. You drain Urug!
Urug is moderately wounded.
You hit Urug.
Urug is heavily wounded.
Urug hits you but does no damage.
You barely miss Urug.
Urug is heavily wounded.
You hit Urug but do no damage. You drain Urug!
Urug is heavily wounded.
* * * LOW HITPOINT WARNING * * *
You feel sick.
You hit Urug but do no damage.
Urug is heavily wounded.
Urug hits you with a great sword.
You die...

### ##### ####.###
#P.#.##......##
..............##
...............####
............<.....#
.................##
...###oY.......##
#♣#........#
###......###
###.Y.## #...#
#$...# ....# ..#


You could see Urug and a yak.

Vanquished Creatures
  Gastronok (D:9)
  Erolcha (D:9)
  Erica (D:9)
  A skeletal warrior (D:6)
  A troll (D:9)
  Grinder (D:3)
  Sigmund (D:3)
  A spriggan (D:8)
  5 yaks
  A sky beast (D:9)
  An orc warrior (D:7)
  A black bear (D:7)
  A crocodile (D:7)
  A centaur (D:8)
  6 ogres
  11 big kobolds
  A giant frog (D:6)
  A scorpion (D:9)
  A water moccasin skeleton (D:7)
  A quasit (D:7)
  3 crimson imps
  5 jellies
  4 orc priests
  3 hounds
  5 orc wizards
  2 giant frog skeletons
  An iguana (D:8)
  8 worker ants
  2 hound skeletons (D:5)
  4 river rats (D:10)
  13 adders
  A shadow imp (D:6)
  An ooze (D:9)
  An adder skeleton (D:4)
  A worm (D:2)
  29 orcs
  A ball python (D:8)
  9 giant cockroaches
  10 goblins
  12 hobgoblins
  3 jackals
  12 kobolds
  3 quokkas
  12 bats
  A giant cockroach zombie (D:6)
  4 giant geckos
  A giant gecko zombie (D:6)
  4 giant newts
  2 jackal zombies (D:6)
  A quokka zombie (D:8)
  14 rats
211 creatures vanquished.

Vanquished Creatures (others)
  3 fungi (D:10)
3 creatures vanquished.

Grand Total: 214 creatures vanquished

Notes
Turn   | Place    | Note
--------------------------------------------------------------
     0 | D:1      | Psiweapon the Kobold Hunter began the quest for the Orb.
     0 | D:1      | Reached XP level 1. HP: 12/12 MP: 1/1
   291 | D:1      | Reached skill level 1 in Short Blades
   358 | D:1      | Reached XP level 2. HP: 15/17 MP: 2/2
   798 | D:1      | Reached XP level 3. HP: 20/22 MP: 3/3
  1232 | D:2      | Reached XP level 4. HP: 28/28 MP: 4/4
  2005 | D:3      | Reached XP level 5. HP: 19/34 MP: 5/5
  2017 | D:3      | Found a burning altar of Makhleb.
  2162 | D:3      | Noticed Grinder
  2172 | D:3      | Killed Grinder
  2172 | D:3      | Reached skill level 6 in Fighting
  2172 | D:3      | Reached XP level 6. HP: 22/42 MP: 6/6
  2224 | D:3      | Reached skill level 5 in Crossbows
  2349 | D:3      | Noticed Sigmund
  2367 | D:3      | Killed Sigmund
  2367 | D:3      | Reached XP level 7. HP: 13/47 MP: 7/7
  2851 | D:4      | Noticed an ogre
  2854 | D:4      | Killed an ogre
  2854 | D:4      | Reached skill level 5 in Dodging
  2994 | D:4      | Noticed an ogre
  3008 | D:4      | Killed an ogre
  3008 | D:4      | Reached XP level 8. HP: 16/52 MP: 8/8
  3700 | D:4      | Noticed an ogre
  3711 | D:5      | Entered Level 5 of the Dungeon
  3859 | D:5      | Reached skill level 1 in Long Blades
  4245 | D:7      | Found a snail-covered altar of Cheibriados.
  4364 | D:7      | Found a shimmering altar of Xom.
  4375 | D:7      | Found a white marble altar of Elyvilon.
  4399 | D:7      | Found a sacrificial altar of Ru.
  4406 | D:7      | Found an iron altar of Okawaru.
  4864 | D:4      | Killed an ogre
  5060 | D:4      | Reached skill level 5 in Stealth
  5102 | D:5      | Found Ithij's Armour Shop.
  5125 | D:5      | Bought a +3 scale mail of magic resistance for 312 gold pieces
  5201 | D:5      | Found Qiceug's Armour Boutique.
  5224 | D:5      | Bought a +0 pair of gloves of archery for 91 gold pieces
  5244 | D:5      | Found Dauvuagi's Assorted Antiques.
  5314 | D:5      | Found a deep blue altar of Sif Muna.
  5487 | D:6      | Reached skill level 1 in Armour
  5549 | D:6      | Noticed a skeletal warrior
  5605 | D:6      | Killed a skeletal warrior
  5605 | D:6      | Reached skill level 8 in Stealth
  5605 | D:6      | Reached XP level 9. HP: 8/56 MP: 9/9
  6383 | D:6      | Noticed a skeletal warrior
  7118 | D:7      | Reached skill level 9 in Stealth
  7360 | D:7      | Found a staircase to the Ecumenical Temple.
  7367 | Temple   | Entered the Ecumenical Temple
  7422 | Temple   | Became a worshipper of Dithmenos the Shadowed
  8271 | D:7      | You fall through a shaft for 2 floors!
  8271 | D:9      | Noticed Gastronok
  8406 | D:9      | Noticed Erica
  8408 | D:9      | Found a blossoming altar of Fedhas.
  8411 | D:9      | Killed Erica
  8411 | D:9      | Reached skill level 10 in Stealth
  8411 | D:9      | Reached XP level 10. HP: 61/61 MP: 10/10
  8416 | D:9      | Noticed a troll
  8423 | D:9      | Killed a troll
  8423 | D:9      | Reached skill level 11 in Stealth
  8573 | D:8      | Found a shimmering altar of Xom.
  8903 | D:8      | Noticed a spriggan baker
  8905 | D:8      | Killed a spriggan baker
  9909 | D:9      | Found a viscous altar of Jiyva.
 10177 | D:9      | Noticed Erolcha
 10202 | D:9      | Killed Erolcha
 10202 | D:9      | Reached XP level 11. HP: 56/66 MP: 11/11
 10254 | D:9      | Reached skill level 10 in Short Blades
 10448 | D:9      | Killed Gastronok
 10523 | D:10     | Entered Level 10 of the Dungeon
 10523 | D:10     | Found an iron altar of Okawaru.
 10523 | D:10     | Noticed Maurice
 10528 | D:10     | Noticed a hill giant
 10586 | D:10     | Noticed Fannar
 10600 | D:10     | Acquired Dithmenos's first power
 10635 | D:10     | Found a staircase to the Lair.
 10635 | D:10     | Noticed Urug
 10640 | Lair:1   | Entered Level 1 of the Lair of Beasts
 10670 | Lair:1   | HP: 4/99 [poison (a potion of poison)]
 10675 | Lair:1   | HP: 2/99 [poison (a potion of poison)]
 10676 | Lair:1   | Slain by Urug

Vault maps used:
D:1:      dpeg_arrival_tiny_e
D:2:      minmay_door_square
D:3:      makhleb_heckhound_becter, uniq_grinder, uniq_sigmund
D:5:      nicolae_overflow_crystal_walls, first_bread, serial_shops, shop,
          kennysheep_mini, shop
D:6:      st_stairs_10
D:7:      cheibriados_altar_wand_db, nicolae_overflow_quartered_altars,
          minmay_temple_entry_mist
D:8:      special_room, the_bakery, tgw_xom
D:9:      fedhas_altar_fruit_tree, jiyva_altar_1, uniq_gastronok, uniq_erica,
          uniq_erolcha
D:10:     grunt_lair_entry_elf_guard_hut, serial_undead, serial_undead_b,
          serial_undead_e, serial_undead_c, serial_undead_c, okawaru_trees_1,
          uniq_fannar, uniq_maurice, uniq_urug
Temple:   nicolae_temple_x_marks_the_god

Action                   |  1- 3 |  4- 6 |  7- 9 | 10-12 || total
-------------------------+-------+-------+-------+-------++-------
Melee: Short sword       |   104 |    48 |    13 |       ||   165
       Dagger            |       |       |    49 |   141 ||   190
       Falchion          |       |       |   148 |       ||   148
       Rapier            |       |       |    70 |   159 ||   229
 Fire: Hand crossbow     |    13 |    42 |   117 |    26 ||   198
Evoke: Wand              |       |     3 |     8 |     3 ||    14
  Use: Scroll            |       |       |    11 |     4 ||    15
       Potion            |       |       |       |     2 ||     2
 Stab: Sleeping          |     8 |     1 |     8 |    15 ||    32
       Distracted        |       |     1 |       |     1 ||     2
  Eat: Chunk             |     9 |     3 |    19 |     3 ||    34
